 Dungeon Crawl Stone Soup version 0.14-a0-1576-gf4c5cb9 (webtiles) character file.

171 4tharraofdagon the Firebug (level 3, 0/26 HPs)
             Began as a Demigod Fire Elementalist on Dec 21, 2013.
             Slain by an adder (4 damage)
             ... on Level 4 of the Dungeon.
             The game lasted 00:05:15 (777 turns).

4tharraofdagon the Firebug (DgFE)                    Turns: 777, Time: 00:05:15

HP   0/26        AC  3     Str 12      XL: 3   Next: 23%
MP   0/8         EV 11     Int 25      God:
Gold 127         SH  0     Dex 16      Spells:  2 memorised,  2 levels left

rFire  . . .     SeeInvis .     h - +2,+1 spear
rCold  . . .     Clarity  .     p - +0 orc leather armour
rNeg   . . .     Conserve .     (no shield)
rPois  .         rCorr    .     (no helmet)
rElec  .         rRot     .     (no cloak)
SustAb . .       Spirit   .     (no gloves)
rMut   .         Warding  .     (no boots)
Saprov . . .     Stasis   .     (no amulet)
                                (no ring)
                                (no ring)

@: brilliant, quite poisoned, very slightly contaminated, slightly resistant to
hostile enchantments, fairly stealthy
A: no striking features
a: no special abilities


You were on level 4 of the Dungeon.
You were not hungry.

You visited 1 branch of the dungeon, and saw 5 of its levels.

You collected 127 gold pieces.

Inventory:

Hand weapons
 h - a +2,+1 spear (weapon)
 k - a +0,+0 quarterstaff of holy wrath
Armour
 a - a +0 robe
 d - a +0 chain mail
 o - a +0 elven chain mail
 p - a +0 orcish leather armour (worn)
Comestibles
 c - a bread ration
 n - a meat ration
Scrolls
 e - a scroll of identify {unknown}
 f - a scroll of blinking {unknown}
 i - a scroll of curse weapon {unknown}
 l - 3 scrolls of magic mapping {unknown}
 m - 2 scrolls of enchant weapon I {unknown}
Potions
 g - a potion of speed
Books
 b - a book of Flames

   Spells                             Type                      Level
   *Flame Tongue                      Conjuration/Fire             1
   Throw Flame                        Conjuration/Fire             2
   *Conjure Flame                     Conjuration/Fire             3
   Inner Flame                        Hexes/Fire                   3
   Sticky Flame                       Conjuration/Fire             4
   Fireball                           Conjuration/Fire             5


   Skills:
 - Level 1.7 Dodging
 - Level 1.7 Stealth
 + Level 2.1 Spellcasting
 * Level 2.0 Conjurations
 * Level 3.2 Fire Magic


You had 2 spell levels left.
You knew the following spells:

 Your Spells              Type           Power        Failure   Level  Hunger
a - Flame Tongue          Conj/Fire      ####.        1%          1    None
b - Conjure Flame         Conj/Fire      ####....     1%          3    ###....


Dungeon Overview and Level Annotations

Branches:
Dungeon (5/16)
 Temple: D:4-7


Message History

Press: ? - help, Shift-Dir - straight line, f/p - adder
Aim: an adder (heavily wounded)
The flame misses the adder.
The adder bites you.
* * * LOW HITPOINT WARNING * * *
You are more poisoned.
The adder poisons you!
Casting: Flame Tongue
Confirm with . or Enter, or press ? or * to list all spells.
Aiming: Flame Tongue
Press: ? - help, Shift-Dir - straight line, f/p - adder
Aim: an adder (heavily wounded)
The flame hits the adder.
The adder is severely wounded.
* * * LOW HITPOINT WARNING * * *
You feel sick. The adder bites you.
* * * LOW HITPOINT WARNING * * *
Drink which item? (? for menu, Esc to quit)
You feel clever all of a sudden.
It was a potion of brilliance.
The adder bites you.
You die...

#.......%.....######.#.#
#..........##.# #.#.#
#..........# .######.#.#
#..........# #......#.#
#..........# .#.###..#.#
#..........##.# #..#.#
#.............### #..#.#
#..........<....# #..#.
########@#...#.# #..#
#S#.#.# ..#..#
#.....#####..#
#.....##.#........#
.l..... #...######.#
.8..... ##### #.#
....... #.# #..... #.#
..... #.#


You could see an adder.

Vanquished Creatures
  2 adders (D:3)
  A giant gecko (D:3)
  An ooze (D:4)
  2 ball pythons
  6 goblins
  5 hobgoblins
  2 jackals (D:1)
  A kobold (D:3)
  A bat (D:1)
  A giant newt (D:1)
  A quokka (D:4)
  3 rats (D:1)
26 creatures vanquished.

Notes
Turn   | Place    | Note
--------------------------------------------------------------
     0 | D:1      | 4tharraofdagon, the Demigod Fire Elementalist, began the quest for the Orb.
     0 | D:1      | Reached XP level 1. HP: 14/14 MP: 3/3
    39 | D:1      | Reached skill level 1 in Conjurations
   278 | D:1      | Reached XP level 2. HP: 20/20 MP: 3/5
   433 | D:3      | Reached skill level 3 in Fire Magic
   611 | D:5      | Entered Level 5 of the Dungeon
   687 | D:3      | Reached XP level 3. HP: 15/26 MP: 0/8
   692 | D:3      | Learned a level 3 spell: Conjure Flame
   777 | D:4      | Slain by an adder

Action                   || total
-------------------------++-------
Melee: Unarmed           ||    24
       Spear             ||    16
       Quarterstaff      ||     6
 Cast: Flame Tongue      ||    38
  Use: Potion            ||     3
 Stab: Sleeping          ||     3
